 Dungeon Crawl Stone Soup version 0.29.1-13-g9f3cf754e1 (webtiles) character file.

Game seed: 12249906163104439271

152 Thatpatchoflichen the Trooper (level 5, 0/54 HPs)
             Began as an Ogre Gladiator on Feb 7, 2023.
             Was a Follower of Wu Jian.
             Killed from afar by an orc wizard (10 damage)
             ... with a magic dart
             ... on level 3 of the Dungeon.
             The game lasted 00:04:56 (2460 turns).

Thatpatchoflichen the Trooper (Ogre Gladiator)      Turns: 2460, Time: 00:04:57

Health: 0/54       AC:  8    Str: 20    XL:     5   Next: 34%
Magic:  5/5        EV:  9    Int:  9    God:    Wu Jian [*.....]
Gold:   111        SH:  0    Dex: 10    Spells: 4/4 levels left

rFire   . . .      SeeInvis .   a - +0 flail
rCold   . . .      Faith    .   (no shield)
rNeg    . . .      Spirit   .   p - +0 swamp dragon scales
rPois   +          Reflect  .   c - +0 hat
rElec   .          Harm     .   (no cloak)
rCorr   .          Rampage  .   (gloves unavailable)
Will    .....                   (boots unavailable)
Stlth   ..........              (no amulet)
HPRegen 0.18/turn               (no ring)
MPRegen 0.09/turn               (no ring)

@: no status effects
A: large, unfitting armour, tough skin 1
a: Renounce Religion


You were on level 3 of the Dungeon.
You worshipped Wu Jian.
Wu Jian was aware of your devotion.
You visited 1 branch of the dungeon, and saw 3 of its levels.

You collected 111 gold pieces.

Inventory:

Hand Weapons
 a - a +0 flail (weapon)
Missiles
 d - 3 throwing nets (quivered)
 e - a large rock
 m - 5 silver javelins
 u - 3 boomerangs
Armour
 b - a +0 robe
 c - a +0 hat (worn)
 p - +0 swamp dragon scales (worn)
Jewellery
 r - an amulet of regeneration
Scrolls
 f - a scroll of blinking {unknown}
 g - a scroll of summoning {unknown}
 i - a scroll of brand weapon {unknown}
 j - a scroll of noise {unknown}
 n - 2 scrolls of teleportation {unknown}
 o - a scroll of magic mapping {unknown}
 q - a scroll of identify {unknown}
 t - a scroll of amnesia {unknown}
Potions
 h - a potion of curing {unknown}
 k - 3 potions of flight {unknown}
 l - a potion of degeneration {unknown}
 s - a potion of lignification {unknown}


   Skills:
 - Level 4.0 Fighting
 + Level 3.9 Maces & Flails
 - Level 2.0 Throwing
 + Level 3.9 Dodging


You had 4 spell levels left.
You didn't know any spells.
Your spell library contained the following spells:

 Spells                   Type           Power      Damage    Failure   Level
 Magic Dart               Conj           0%         1d3       56%         1
 Searing Ray              Conj           0%         2d4       71%         2
 Fulminant Prism          Conj/Hex       0%         3d6       100%        4


Dungeon Overview and Level Annotations

Branches:
Dungeon (3/15)

Altars:
Wu Jian


Innate Abilities, Weirdness & Mutations

You are too large for most types of armour.
You have tough skin. (AC +1)


Message History

* * * LOW HITPOINT WARNING * * *
You miss something. Something hits you but does no damage.
You're too confused to move!
Something hits you but does no damage.
You miss something. Something hits you but does no damage.
You bump into the rock wall.
Something hits you.
* * * LOW HITPOINT WARNING * * *
You're too confused to move!
You feel less confused. Something hits you but does no damage.
You closely miss something.
An orc wizard appears from thin air!
Reactivating autopickup.
The orc wizard gestures at you while chanting.
You resist with some effort.
You sock the orc wizard!
The orc wizard is almost dead.
The orc wizard hits you with a +0 dagger.
* * * LOW HITPOINT WARNING * * *
The orc wizard casts a spell at you.
You are confused.
The orc wizard attacks as you move away!
The orc wizard hits you but does no damage.
You're too confused to move!
The orc wizard hits you with a +0 dagger.
* * * LOW HITPOINT WARNING * * *
You bump into the rock wall.
The orc wizard hits you but does no damage.
The orc closely misses you.
You bump into the rock wall.
The orc hits you but does no damage.
The orc wizard hits you with a +0 dagger.
* * * LOW HITPOINT WARNING * * *
You bump into the rock wall.
You feel less confused. The orc closely misses you.
The orc wizard hits you but does no damage.
You closely miss the orc wizard.
The orc wizard is almost dead.
The orc barely misses you.
The orc wizard gestures at you while chanting.
The magic dart hits you!
You die...

###............# .........
...............### ..#........
###............#.. ..#o.......
#..........†.†#.# #.#o....../
#.....#####.÷<#.# #.#oo......
#.....# #...#.# #.#.# #.....#
#...#.# #.#.#
#.#########...#o######.#.#
#.............#@oo)......#
###########..#########.########
............................
#####..#.#.########.########
#..#.#.# #.# #..#.#.# #.#
#..#.#.# #)# ####.#.# ######.#
..#.# #......#


You could see an orc wizard and 2 orcs.

Vanquished Creatures
  A hound (D:2)
  An orc wizard (D:3)
  3 adders
  2 worms
  5 orcs
  3 endoplasms
  2 giant cockroaches
  5 goblins
  5 hobgoblins
  5 jackals
  3 quokkas
  3 ball pythons (D:2)
  8 bats
  2 frilled lizards (D:1)
  3 kobolds
  8 rats
59 creatures vanquished.

Notes
Turn   | Place    | Note
-------+----------+-------------------------------------------
     0 | D:1      | Thatpatchoflichen the Ogre Gladiator began the quest for
                  | the Orb.
     0 | D:1      | Reached XP level 1. HP: 22/22 MP: 1/1
   331 | D:1      | Reached skill level 3 in Fighting
   331 | D:1      | Reached XP level 2. HP: 30/31 MP: 2/2
  1084 | D:2      | Found an ornate altar of the Wu Jian Council.
  1089 | D:2      | Became a worshipper of the Wu Jian Council
  1172 | D:2      | Reached XP level 3. HP: 27/37 MP: 3/3
  1426 | D:2      | Reached XP level 4. HP: 25/48 MP: 4/4
  1810 | D:2      | Reached skill level 4 in Fighting
  2093 | D:3      | Reached * piety under Wu Jian
  2349 | D:3      | Reached XP level 5. HP: 50/54 MP: 5/5
  2460 | D:3      | Killed from afar by an orc wizard

Illustrated notes

Levels and vault maps discovered:
D:1:      nzn_arrival_depleted_hourglass, layout_rooms, due_unseen_surprise
D:2:      layout_basic, basic_altar
D:3:      layout_basic, hellmonk_ecumenical_altar_prayer_group, minmay_bisected,
          uniq_robin

Skill      XL: |  1  2  3  4 |
---------------+-------------+-----
Fighting       | 3 4 |  4.0
Dodging        | 3 |  3.9
Maces & Flails | 3 |  3.9
Throwing       | |  2.0

Action                   |  1- 3 |  4- 6 || total
-------------------------+-------+-------++-------
Melee: Flail             |    98 |   132 ||   230
       Punch             |       |     1 ||     1
Invok: Lunge             |     1 |     4 ||     5
       Whirlwind         |       |     1 ||     1
Armor: Robe              |    52 |       ||    52
       Swamp dragon scal |     8 |    90 ||    98
Dodge: Dodged            |    82 |    53 ||   135
